 Dungeon Crawl Stone Soup version 0.25.0-1-g7eea58d (webtiles) character file.

Game seed: 1462671445961798385

1490 Ayyar the Covert (level 8, -2/54 HPs)
             Began as an Octopode Assassin on June 27, 2020.
             Slain by Maggie
             ... wielding a +0 glaive of flaming
              (5 damage)
             ... in the Ecumenical Temple.
             The game lasted 00:33:05 (6496 turns).

Ayyar the Covert (Octopode Assassin)                Turns: 6496, Time: 00:33:09

Health: -2/54      AC:  3    Str: 12    XL:     8   Next: 80%
Magic:  9/9        EV: 16    Int: 14    God:
Gold:   105        SH:  0    Dex: 21    Spells: 7/7 levels left

rFire    . . .     SeeInvis .   k - +1 dagger (speed)
rCold    + + .     Gourm    .   (no shield)
rNeg     + . .     Faith    .   i - +2 hat
rPois    .         Spirit   .   n - amulet of the acrobat
rElec    .         Reflect  .   c - +6 ring of dexterity
rCorr    .         Harm     .   u - ring of protection from cold
MR       +....                  v - ring "Kaumebadd" {rC+ rN+ MR+ Dex+2}
Stlth    ++++++....             (no ring)
HPRegen  0.18/turn              (no ring)
MPRegen  0.11/turn              (no ring)
                                (no ring)
                                (no ring)

@: no status effects
A: almost no armour, stealthy swim, amphibious, 8 rings, constrict 8, camouflage
1, gelatinous body 1
a: no special abilities


You were in the Ecumenical Temple.
You were hungry.

You visited 2 branches of the dungeon, and saw 7 of its levels.
You also visited: Ossuary.

You collected 231 gold pieces.
You spent 126 gold pieces at shops.

Inventory:

Hand Weapons
 a - a +2 dagger
 k - a +1 dagger of speed (weapon)
Missiles
 b - 3 poisoned darts (quivered)
Armour
 i - a +2 hat (worn)
Jewellery
 c - a +6 ring of dexterity (left tentacle)
 n - an amulet of the acrobat (around mantle)
 o - an uncursed ring of fire {unknown}
 u - a ring of protection from cold (right tentacle)
 v - the ring "Kaumebadd" (on tentacle) {rC+ rN+ MR+ Dex+2}
   (You acquired it on level 5 of the Dungeon)

   [ring of protection from magic]

   It affects your dexterity (+2).
   It protects you from cold.
   It protects you from negative energy.
   It affects your resistance to hostile enchantments.
Wands
 s - a wand of flame (17)
 t - a wand of acid (9)
 x - a wand of digging (3)
Scrolls
 e - a scroll of fear
 g - 4 scrolls of teleportation {unknown}
 m - a scroll of enchant armour
 r - a scroll of random uselessness {unknown}
 w - 2 scrolls of identify
 y - a scroll of noise {unknown}
 C - a scroll of amnesia {unknown}
 D - 2 scrolls of remove curse {unknown}
 F - a scroll of magic mapping {unknown}
 G - 2 scrolls of enchant weapon {unknown}
Potions
 f - a potion of degeneration {unknown}
 h - a potion of magic
 j - 2 potions of invisibility {unknown}
 l - a potion of stabbing
 p - a potion of flight {unknown}
 q - a potion of ambrosia
 z - a potion of might {unknown}
 A - 3 potions of heal wounds
 B - a potion of cancellation {unknown}
Comestibles
 d - 15 rations


   Skills:
 + Level 4.7 Fighting
 + Level 4.1 Short Blades
 + Level 3.9 Throwing
 + Level 4.3 Dodging
 * Level 10.7 Stealth
 + Level 2.0 Evocations


You had 7 spell levels left.
You didn't know any spells.
Your spell library was empty.

Dungeon Overview and Level Annotations

Branches:
Dungeon (6/15)             Temple (1/1) D:6         Ossuary (visited)

Altars:
Ashenzari
Cheibriados
Elyvilon
Fedhas
Gozag
Hepliaklqana
Kikubaaqudgha
Makhleb
Nemelex Xobeh
Qazlal
Ru
Sif Muna
Trog
Uskayaw
Vehumet
Wu Jian
Xom
Zin
The Shining One

Shops:
D:4 =

Annotations:
D:4 Pikel
Temple Maggie


Innate Abilities, Weirdness & Mutations

You cannot wear most types of armour.
You are very stealthy in the water. (Stealth+)
You are amphibious.
You can wear up to eight rings at the same time.
You can use your tentacles to constrict eight enemies at once.
Your skin changes colour to match your surroundings (Stealth+).
Your rubbery body absorbs attacks. (AC +1, EV +1)


Message History

You constrict Maggie, but do no damage. Maggie completely misses you.
You hit Maggie but do no damage.
Maggie is moderately wounded.
You constrict Maggie. You hit Maggie but do no damage. You squeeze Maggie.
Maggie is moderately wounded.
You constrict Maggie. Maggie gestures at you while chanting.
The bolt of fire hits you!!
* * * LOW HITPOINT WARNING * * *
You barely miss Maggie.
Maggie is heavily wounded.
You constrict Maggie. You hit Maggie but do no damage.
Maggie is heavily wounded.
You constrict Maggie.
Maggie hits you with a +0 glaive of flaming!
* * * LOW HITPOINT WARNING * * *
Maggie burns you.
You die...

...._.......###.....#
.≈......#####.......#
......###......._...#
..#####......≈......#
###......._.........#
#.............#######
...._.......###.....#
.≈......#####.......#
......###......@@...#
..#####......#......#
###......._.........#
#.............≈≈≈≈≈≈#
...._.......≈≈≈≈≈≈≈≈#
.#......≈≈≈≈≈≈≈≈≈≈≈≈#
......≈≈≈≈≈≈≈≈≈≈≈≈≈≈#
..≈≈≈≈≈≈≈≈≈≈≈≈≈≈≈≈≈≈#
..≈≈≈≈≈≈≈≈≈≈≈≈≈≈≈≈≈≈#


You could see Maggie.

Vanquished Creatures
  3 slaves (D:4)
  A big kobold (D:6)
  An elf zombie (D:5)
  An elf skeleton (D:5)
  9 scorpions
  2 hounds (D:5)
  A jelly (D:6)
  3 human zombies (Ossuary)
  2 orc priests (D:3)
  A bullfrog skeleton (D:4)
  A centaur skeleton (D:4)
  Ijyb (D:4)
  Terence (D:3)
  2 human skeletons (D:5)
  2 iguanas (D:4)
  3 worker ants
  An orc wizard (D:6)
  A big kobold zombie (Ossuary)
  3 mummies (Ossuary)
  Robin (D:3)
  4 scorpion zombies (Ossuary)
  8 adders
  2 oozes
  3 worms
  A leopard gecko (D:4)
  7 orcs
  9 bats
  9 giant cockroaches
  2 gnoll zombies (Ossuary)
  15 goblins
  15 hobgoblins
  9 jackals
  3 quokkas
  5 frilled lizards
  A giant cockroach zombie (D:5)
  2 goblin zombies (Ossuary)
  A hobgoblin zombie (Ossuary)
  8 kobolds
  3 kobold zombies (Ossuary)
  2 orc skeletons (D:5)
  4 rats
153 creatures vanquished.

Vanquished Creatures (others)
  A shadow imp (D:6)
1 creature vanquished.

Grand Total: 154 creatures vanquished

Notes
Turn   | Place    | Note
-------+----------+-------------------------------------------
     0 | D:1      | Ayyar the Octopode Assassin began the quest for the Orb.
     0 | D:1      | Reached XP level 1. HP: 14/14 MP: 1/1
    75 | D:1      | Reached XP level 2. HP: 18/19 MP: 2/2
    81 | D:1      | Reached skill level 6 in Stealth
   487 | D:1      | Reached XP level 3. HP: 24/24 MP: 3/3
   862 | D:2      | Found a blossoming altar of Fedhas.
   866 | D:2      | Reached XP level 4. HP: 30/30 MP: 4/4
  1822 | D:3      | Reached skill level 7 in Stealth
  1831 | D:3      | Found a glowing silver altar of Zin.
  1868 | D:3      | Reached XP level 5. HP: 34/35 MP: 5/5
  2051 | D:3      | Noticed Robin
  2352 | D:3      | Noticed Terence
  2360 | D:3      | Killed Terence
  2416 | D:3      | Reached XP level 6. HP: 17/42 MP: 6/6
  2709 | D:3      | Killed Robin
  2872 | D:4      | Reached skill level 8 in Stealth
  2903 | D:4      | Found a sparkling altar of Nemelex Xobeh.
  2925 | D:4      | Noticed a slave
  2944 | D:4      | Killed a slave
  3012 | D:4      | Noticed a slave
  3036 | D:4      | Noticed a slave
  3038 | D:4      | Noticed a slave
  3041 | D:4      | Noticed Pikel
  3060 | D:4      | Killed a slave
  3070 | D:4      | Killed a slave
  3682 | D:4      | Noticed Ijyb
  3698 | D:4      | Killed Ijyb
  3798 | D:4      | Found a burning altar of Makhleb.
  3800 | D:4      | Found an opulent altar of Gozag.
  3866 | D:4      | Reached XP level 7. HP: 41/47 MP: 7/7
  4001 | D:4      | Found Kiawk's Jewellery Emporium.
  4004 | D:4      | Bought a cursed ring of attention for 63 gold pieces
  4004 | D:4      | Bought a cursed ring of teleportation for 63 gold pieces
  4141 | D:5      | Entered Level 5 of the Dungeon
  4284 | D:5      | Identified a scroll of acquirement
  4285 | D:5      | Got the ring "Kaumebadd" {rC+ rN+ MR+ Dex+2}
  4309 | D:5      | Found a snail-covered altar of Cheibriados.
  4321 | D:5      | Reached skill level 9 in Stealth
  4496 | D:5      | Found a sand-covered staircase.
  4504 | Ossuary  | Entered an ossuary
  4701 | Ossuary  | Reached XP level 8. HP: 15/54 MP: 8/8
  5011 | Ossuary  | Reached skill level 10 in Stealth
  5019 | Ossuary  | Reached skill level 1 in Evocations
  6290 | D:6      | Found a staircase to the Ecumenical Temple.
  6302 | Temple   | Entered the Ecumenical Temple
  6463 | D:6      | Noticed Maggie
  6496 | Temple   | Slain by Maggie

Illustrated notes

Levels and vault maps discovered:
D:1:      matt_arrival_diagonals, layout_loops_ring
D:2:      layout_basic, fedhas_altar_3
D:3:      layout_rooms, zin_scriptorium, first_ration, uniq_robin, uniq_terence
D:4:      layout_basic, chequers_temple_overflow_statue_of_worship,
          serial_shops, shop, nemelex_lonely_heart_becter, uniq_pikel, uniq_ijyb
D:5:      layout_loops_ring, nicolae_ossuary_entry_catacombs, basic_altar,
          roderic_roman_lattice
D:6:      layout_basic, minmay_temple_entry_stoned_glass, elyvilon_altar_1,
          uniq_maggie
Temple:   regret_index_temple_waves

Skill      XL: |  1  2  3  4  5  6  7  8 |
---------------+-------------------------+-----
Stealth        | 6 7 8 9 10 | 10.7
Dodging        | 2 3 4 |  4.3
Fighting       | 3 4 |  4.7
Short Blades   | 3 4 |  4.1
Throwing       | 3 |  3.9
Evocations     | 2 |  2.0

Action                   |  1- 3 |  4- 6 |  7- 9 || total
-------------------------+-------+-------+-------++-------
Melee: Dagger            |    52 |   162 |   200 ||   414
       Constrict         |    15 |    41 |    30 ||    86
       Tentacles         |     9 |    39 |    71 ||   119
Throw: Dart              |       |    16 |    15 ||    31
Evoke: Wand              |       |       |     4 ||     4
  Use: Scroll            |       |     4 |     5 ||     9
       Potion            |       |       |     3 ||     3
 Stab: Sleeping          |     8 |    14 |    20 ||    42
  Eat: Chunk             |       |     6 |     4 ||    10
       Ration            |       |     1 |     1 ||     2
Armor: Skin              |     2 |    17 |    10 ||    29
Dodge: Dodged            |    23 |    94 |    69 ||   186
